 Dungeon Crawl Stone Soup version 0.20.1-1-g8b1a95d (webtiles) character file.

1808 joesle the Basher (level 8, -2/71 HPs)
             Began as a Minotaur Berserker on Oct 24, 2017.
             Was an Elder of Trog.
             Hit by a large rock thrown by a cyclops (37 damage)
             ... on level 9 of the Dungeon.
             The game lasted 00:43:52 (5871 turns).

joesle the Basher (Minotaur Berserker)              Turns: 5871, Time: 00:43:53

Health: -2/71      AC: 11    Str: 24    XL:     8   Next: 84%
Magic:  7/7        EV: 12    Int:  4    God:    Trog [****..]
Gold:   358        SH:  0    Dex: 10    Spells: 7/7 levels left

rFire    + . .     SeeInvis .   q - +0 morningstar (crush)
rCold    . . .     Gourm    .   (no shield)
rNeg     . . .     Faith    .   j - +0 scale mail
rPois    .         Spirit   .   (helmet restricted)
rElec    .         Reflect  .   r - +2 cloak
rCorr    .         Harm     +   (no gloves)
MR       .....                  (no boots)
Stlth    ..........             h - amulet of harm
Regen    0.3/turn               i - ring of protection from fire {,}
MPRegen  0.1/turn               (no ring)

@: no status effects
A: retaliatory headbutt, horns 2
a: Berserk, Trog's Hand, Brothers in Arms, Burn Spellbooks, Renounce Religion


You were on level 9 of the Dungeon.
You worshipped Trog.
Trog was greatly pleased with you.
You were not hungry.

You visited 1 branch of the dungeon, and saw 8 of its levels.

You collected 358 gold pieces.

Inventory:

Hand Weapons
 a - a +0 hand axe
 q - a +0 morningstar of crushing (weapon)
 s - a +0 hand axe
 y - a +3 flail
 z - a +0 giant spiked club
 C - a +6 flail
 D - a +0 trident
 F - a +0 shortbow of flaming
 H - a +3 hand axe
 J - a +0 falchion
Missiles
 d - 4 large rocks
 G - 65 arrows
Armour
 b - a +0 animal skin
 e - a +0 ring mail
 j - a +0 scale mail (worn)
 r - a +2 cloak (worn)
 t - a +0 scale mail
 A - a +3 ring mail
Jewellery
 h - an amulet of harm (around neck)
 i - a ring of protection from fire (left hand) {,}
Wands
 x - a wand of paralysis (13/24)
 K - a wand of digging (14/24)
Scrolls
 f - 4 scrolls of remove curse
 g - 8 scrolls of teleportation
 k - 2 scrolls of fear
 n - a scroll of amnesia
 L - a scroll of identify
Potions
 l - a potion of might
 m - 6 potions of heal wounds
 o - a potion of lignification
 p - a potion of magic
 u - a potion of flight
 v - 3 potions of curing
 B - a potion of brilliance {unknown}
 I - 2 potions of agility {unknown}
Comestibles
 c - a royal jelly
 w - 3 bread rations
 E - 3 fruits
 M - 5 chunks of flesh


   Skills:
 + Level 6.6 Fighting
 + Level 5.6(7.9) Axes
 + Level 8.6(9.3) Maces & Flails
 + Level 6.9 Armour
 + Level 4.3 Dodging
 + Level 0.8 Stealth


You had 7 spell levels left.
You didn't know any spells.

Dungeon Overview and Level Annotations

Branches:
Dungeon (7/15)             Temple (0/1) D:6

Altars:
Ashenzari
Gozag
Hepliaklqana
Nemelex Xobeh
Qazlal


Innate Abilities, Weirdness & Mutations

You reflexively headbutt those who attack you in melee.
You have a pair of horns on your head.


Message History

You see here a hippogriff corpse.
You don't know any spells.
You butcher the hippogriff corpse.
M - 5 chunks of flesh (gained 2)
There isn't anything here!
There isn't anything here!
There isn't anything here!
There isn't anything here!
A cyclops comes into view.
The cyclops shouts!
The cyclops throws a large rock.
The large rock hits you!!
You see here a large rock.
A worker ant comes into view.
The worker ant twitches its antennae in your direction.
You sock the worker ant!
The worker ant is almost dead.
The worker ant bites you.
The cyclops throws a large rock.
The large rock hits you!!
Ouch! That really hurt!
You die...

#..## #######.....
########.....#.....
#..................
#..................
#..................
##.._........%.....
#......(..@a......
#.................
#####.............
##......C.....
##.....#.....
############


You could see a cyclops and a worker ant.

Vanquished Creatures
  A troll (D:6)
  A hippogriff (D:9)
  An ice beast (D:5)
  A sky beast (D:6)
  An ogre (D:4)
  A necrophage (D:6)
  A centaur (D:5)
  A bullfrog (D:4)
  A bullfrog zombie (D:5)
  2 quasits (D:6)
  5 orc priests
  2 bullfrog skeletons
  A centaur skeleton (D:4)
  2 hounds
  5 orc wizards
  Terence (D:3)
  An iguana (D:6)
  2 worker ants
  A hound zombie (D:5)
  3 gnolls (D:6)
  5 adders
  4 oozes
  2 adder zombies
  A worm (D:4)
  A dart slug (D:1)
  8 leopard geckos
  26 orcs
  5 giant cockroaches
  4 goblins
  12 hobgoblins
  16 jackals
  A quokka (D:4)
  3 ball pythons
  20 bats
  4 frilled lizards
  A jackal skeleton (D:5)
  5 kobolds
  A leopard gecko skeleton (D:4)
  A leopard gecko zombie (D:5)
  8 rats
  A bush (D:5)
  A butterfly (D:6)
164 creatures vanquished.

Notes
Turn   | Place    | Note
-------+----------+-------------------------------------------
     0 | D:1      | joesle the Minotaur Berserker began the quest for the Orb.
     0 | D:1      | Reached XP level 1. HP: 19/19 MP: 0/0
   556 | D:1      | Reached XP level 2. HP: 24/27 MP: 1/1
   821 | D:1      | Reached XP level 3. HP: 33/33 MP: 2/2
   942 | D:1      | Reached ** piety under Trog
  1948 | D:3      | Reached XP level 4. HP: 41/41 MP: 3/3
  1962 | D:3      | Reached skill level 5 in Axes
  2335 | D:3      | Noticed Terence
  2344 | D:3      | Killed Terence
  2344 | D:3      | Reached skill level 1 in Maces & Flails
  2344 | D:3      | Reached XP level 5. HP: 40/47 MP: 4/4
  2398 | D:3      | Found a hazy altar of Hepliaklqana.
  2495 | D:3      | Reached *** piety under Trog
  2753 | D:4      | Reached skill level 2 in Maces & Flails
  2779 | D:4      | Reached skill level 3 in Maces & Flails
  2784 | D:4      | Reached XP level 6. HP: 25/55 MP: 5/5
  3146 | D:4      | Reached skill level 5 in Fighting
  3146 | D:4      | Reached skill level 4 in Maces & Flails
  3360 | D:5      | Entered Level 5 of the Dungeon
  3436 | D:5      | Reached skill level 5 in Maces & Flails
  3436 | D:5      | Reached XP level 7. HP: 57/61 MP: 6/6
  3913 | D:5      | Reached skill level 6 in Maces & Flails
  4063 | D:5      | Found a stormy altar of Qazlal.
  4063 | D:5      | Found a shattered altar of Ashenzari.
  4096 | D:5      | Found a sparkling altar of Nemelex Xobeh.
  4366 | D:5      | Reached **** piety under Trog
  4464 | D:6      | Reached skill level 7 in Maces & Flails
  4464 | D:6      | Reached XP level 8. HP: 59/70 MP: 7/7
  4509 | D:6      | Noticed a troll
  4519 | D:6      | Killed a troll
  4519 | D:6      | Reached skill level 5 in Armour
  4840 | D:6      | Found a staircase to the Ecumenical Temple.
  5748 | D:6      | Reached skill level 8 in Maces & Flails
  5854 | D:7      | You fall through a shaft for 2 floors!
  5854 | D:9      | Found an opulent altar of Gozag.
  5856 | D:9      | Noticed a hippogriff
  5863 | D:9      | Killed a hippogriff
  5867 | D:9      | Noticed a cyclops
  5871 | D:9      | Hit by a large rock thrown by a cyclops

Skill      XL: |  1  2  3  4  5  6  7  8 |
---------------+-------------------------+-----
Axes           | 4 5 |  5.6
Fighting       | 4 5 6 |  6.6
Armour         | 3 4 6 |  6.9
Maces & Flails | 1 3 5 7 8 |  8.6
Dodging        | 3 4 |  4.3
Stealth        | |  0.8

Action                   |  1- 3 |  4- 6 |  7- 9 || total
-------------------------+-------+-------+-------++-------
Melee: Hand axe          |   101 |    13 |       ||   114
       Headbutt          |    10 |    13 |    29 ||    52
       Morningstar       |       |    96 |   189 ||   285
Invok: Berserk           |       |       |     2 ||     2
       Trog's Hand       |       |       |     1 ||     1
  Use: Scroll            |     4 |     4 |       ||     8
       Potion            |     1 |     1 |     1 ||     3
  Eat: Bread ration      |     1 |       |       ||     1
       Chunk             |       |     1 |     2 ||     3
       Meat ration       |       |     1 |     1 ||     2
       Fruit             |       |       |     1 ||     1
Armor: Ring mail         |    12 |       |       ||    12
       Animal skin       |     1 |       |       ||     1
       Scale mail        |    30 |    44 |   101 ||   175
Dodge: Dodged            |    62 |    66 |   123 ||   251
